General information
- name: BNet
- type: Ladder team game (AT/RT)
- host: Battle.net
- saver: |c002ECCFABlizz
map: Battleground
- players: 8
- length: 23:47
- speed: Fast
- version: 1.27 W3XP
- replay type: Public
» download(203 KB)
Players
team 1 (winner)
ak6apc (
purple | 82 APM | 1957 actions | 23:46)
6 Archmage
3 Summon Water Elemental
2 Brilliance Aura
1 Mass Teleport
5 Mountain King
3 Storm Bolt
2 Bash
» actions
| Assign group hotkey | 4 | |
| Basic commands | 11 | |
| Build / train | 77 | |
| Enter build submenu | 16 | |
| Enter hero's abilities submenu | 11 | |
| Give item / drop item | 6 | |
| Right click | 1285 | |
| Select / deselect | 386 | |
| Select group hotkey | 30 | |
| Use ability | 131 | |
1957 total
» units
| Peasant | 7 | |
| Footman | 11 | |
| Knight | 6 | |
| Priest | 4 | |
| Sorceress | 1 | |
29 total
» upgrades
| Lumber Harvesting | 1 | |
| Animal War Training | 1 | |
| Priest Training | 2 | |
| Swords | 1 | |
| Sorceress Training | 1 | |
| Plating | 1 | |
7 total
» buildings
| Altar of Kings | 1 | |
| Farm | 7 | |
| Barracks | 1 | |
| Scout Tower | 1 | |
| Arcane Tower | 5 | |
| Keep | 4 | |
| Lumber Mill | 1 | |
| Blacksmith | 1 | |
| Arcane Vault | 1 | |
| Castle | 1 | |
| Arcane Sanctum | 2 | |
25 total
» build order
00:08 Altar of Kings
00:21 Farm
00:36 Barracks
00:59 Farm
01:30 Scout Tower
01:38 Farm
02:07 Arcane Tower
02:07 Arcane Tower
02:07 Arcane Tower
02:08 Arcane Tower
02:26 Farm
03:09 Keep
03:09 Keep
03:09 Keep
03:24 Farm
03:47 Lumber Mill
04:07 Blacksmith
05:10 Arcane Vault
05:25 Farm
06:00 Castle
07:22 Arcane Sanctum
07:35 Arcane Sanctum
08:44 Farm
» items
| Scroll of Regeneration | 4 | |
| Lesser Clarity Potion | 4 | |
| Scroll of Town Portal | 5 | |
| Potion of Healing | 2 | |
| Staff of Sanctuary | 1 | |
16 total
|c002ECCFABlizz (
pink | 77 APM | 1832 actions | 23:47)
» actions
| Assign group hotkey | 20 | |
| Basic commands | 17 | |
| Build / train | 85 | |
| Enter build submenu | 41 | |
| Right click | 620 | |
| Select / deselect | 353 | |
| Select group hotkey | 629 | |
| Use ability | 67 | |
1832 total
» units
| Peasant | 17 | |
| Flying Machine | 36 | |
53 total
» upgrades
| Masonry | 3 | |
| Lumber Harvesting | 2 | |
| Gunpowder | 3 | |
| Plating | 3 | |
| Flak Cannons | 1 | |
| Flying Machine Bombs | 1 | |
13 total
» buildings
| Farm | 8 | |
| Lumber Mill | 1 | |
| Scout Tower | 30 | |
| Arcane Tower | 2 | |
| Keep | 1 | |
| Altar of Kings | 1 | |
| Guard Tower | 15 | |
| Blacksmith | 2 | |
| Castle | 1 | |
| Workshop | 3 | |
| Town Hall | 1 | |
65 total
» build order
00:37 Farm
00:47 Lumber Mill
00:51 Farm
00:53 Farm
00:55 Farm
00:57 Farm
00:58 Farm
01:34 Scout Tower
01:40 Scout Tower
02:15 Farm
02:21 Farm
02:32 Arcane Tower
02:38 Arcane Tower
03:55 Keep
04:20 Scout Tower
04:23 Scout Tower
04:26 Scout Tower
04:29 Scout Tower
04:32 Scout Tower
04:34 Scout Tower
04:36 Scout Tower
04:41 Scout Tower
04:42 Scout Tower
04:43 Scout Tower
04:45 Scout Tower
04:58 Altar of Kings
05:15 Guard Tower
05:17 Guard Tower
05:19 Guard Tower
05:23 Guard Tower
06:22 Blacksmith
06:26 Blacksmith
06:28 Castle
06:42 Guard Tower
06:43 Guard Tower
06:45 Guard Tower
07:48 Workshop
07:50 Workshop
07:52 Workshop
08:13 Guard Tower
08:14 Guard Tower
15:13 Scout Tower
15:14 Scout Tower
15:59 Scout Tower
16:02 Scout Tower
16:05 Guard Tower
16:26 Guard Tower
16:27 Scout Tower
16:28 Scout Tower
16:34 Guard Tower
17:51 Town Hall
17:54 Scout Tower
17:54 Scout Tower
17:55 Scout Tower
17:56 Scout Tower
18:22 Scout Tower
18:22 Scout Tower
18:22 Scout Tower
18:23 Scout Tower
18:39 Guard Tower
18:42 Scout Tower
19:26 Guard Tower
19:47 Guard Tower
21:35 Scout Tower
21:36 Scout Tower
setron (
blue | 114 APM | 2704 actions | 23:46)
7 Keeper of the Grove
3 Entangling Roots
3 Thorns Aura
1 Tranquility
4 Priestess of the Moon
2 Searing Arrows
2 Trueshot Aura
» actions
| Assign group hotkey | 22 | |
| Basic commands | 137 | |
| Build / train | 102 | |
| Enter build submenu | 18 | |
| Enter hero's abilities submenu | 11 | |
| Give item / drop item | 3 | |
| Remove unit from queue | 3 | |
| Right click | 839 | |
| Select / deselect | 257 | |
| Select group hotkey | 1233 | |
| Use ability | 79 | |
2704 total
» units
| Wisp | 17 | |
| Archer | 25 | |
| Hippogryph | 14 | |
| Chimaera | 4 | |
60 total
» upgrades
| Strength of the Moon | 2 | |
| Moon Armor | 2 | |
| Improved Bows | 1 | |
| Hippogryph Taming | 1 | |
| Nature's Blessing | 1 | |
| Strength of the Wild | 2 | |
| Reinforced Hides | 2 | |
| Marksmanship | 1 | |
| Corrosive Breath | 1 | |
| Well Spring | 1 | |
14 total
» buildings
| Altar of Elders | 1 | |
| Moon Well | 8 | |
| Ancient of War | 1 | |
| Ancient of Wonders | 1 | |
| Hunter's Hall | 1 | |
| Tree of Ages | 1 | |
| Ancient Protector | 1 | |
| Ancient of Wind | 2 | |
| Tree of Life | 1 | |
| Tree of Eternity | 1 | |
| Chimaera Roost | 1 | |
19 total
» build order
00:11 Altar of Elders
00:23 Moon Well
00:32 Ancient of War
01:36 Moon Well
01:50 Ancient of Wonders
02:34 Hunter's Hall
03:45 Moon Well
04:24 Tree of Ages
04:38 Ancient Protector
04:44 Moon Well
05:50 Moon Well
07:01 Ancient of Wind
09:26 Ancient of Wind
09:30 Moon Well
11:07 Tree of Life
16:03 Tree of Eternity
18:36 Chimaera Roost
20:32 Moon Well
21:35 Moon Well
» items
| Dust of Appearance | 1 | |
| Moonstone | 1 | |
| Potion of Healing | 3 | |
| Scroll of Town Portal | 3 | |
| Anti-magic Potion | 1 | |
| Orb of Venom | 1 | |
10 total

»
StrykeSVK (
teal | 81 APM | 1925 actions | 23:46)
7 Archmage
3 Summon Water Elemental
2 Brilliance Aura
2 Blizzard
» actions
| Assign group hotkey | 29 | |
| Basic commands | 32 | |
| Build / train | 89 | |
| Enter build submenu | 40 | |
| Enter hero's abilities submenu | 8 | |
| Right click | 1246 | |
| Select / deselect | 381 | |
| Select group hotkey | 2 | |
| Use ability | 98 | |
1925 total
» units
| Peasant | 12 | |
| Footman | 10 | |
| Rifleman | 14 | |
| Priest | 2 | |
| Sorceress | 8 | |
| Dragonhawk Rider | 5 | |
51 total
» upgrades
| Masonry | 2 | |
| Defend | 1 | |
| Lumber Harvesting | 1 | |
| Sorceress Training | 2 | |
| Long Rifles | 1 | |
| Gunpowder | 1 | |
| Cloud | 1 | |
9 total
» buildings
| Farm | 10 | |
| Altar of Kings | 1 | |
| Barracks | 1 | |
| Scout Tower | 9 | |
| Arcane Tower | 1 | |
| Lumber Mill | 1 | |
| Arcane Vault | 1 | |
| Blacksmith | 1 | |
| Keep | 1 | |
| Guard Tower | 11 | |
| Arcane Sanctum | 1 | |
| Gryphon Aviary | 1 | |
| Castle | 1 | |
40 total
» build order
00:09 Farm
00:12 Altar of Kings
00:35 Barracks
00:42 Farm
01:35 Scout Tower
02:03 Arcane Tower
02:18 Lumber Mill
02:24 Farm
03:10 Arcane Vault
03:51 Blacksmith
04:18 Farm
04:34 Keep
05:24 Scout Tower
05:55 Scout Tower
06:25 Guard Tower
06:25 Guard Tower
06:33 Farm
06:36 Guard Tower
06:41 Scout Tower
08:09 Guard Tower
08:24 Scout Tower
08:28 Arcane Sanctum
09:29 Guard Tower
09:29 Guard Tower
09:30 Guard Tower
09:53 Scout Tower
10:06 Farm
10:10 Farm
11:44 Scout Tower
13:54 Guard Tower
13:58 Scout Tower
14:01 Gryphon Aviary
14:03 Castle
14:13 Farm
14:15 Farm
14:19 Farm
14:52 Guard Tower
14:52 Guard Tower
15:59 Scout Tower
» items
| Scroll of Regeneration | 2 | |
| Lesser Clarity Potion | 3 | |
| Potion of Mana | 1 | |
| Potion of Healing | 1 | |
7 total
team 2 (loser)

»
luvre (
yellow | 102 APM | 2435 actions | 23:45)
6 Demon Hunter
3 Evasion
2 Mana Burn
1 Metamorphosis
» actions
| Assign group hotkey | 34 | |
| Basic commands | 168 | |
| Build / train | 83 | |
| Enter build submenu | 16 | |
| Enter hero's abilities submenu | 6 | |
| Give item / drop item | 3 | |
| Right click | 696 | |
| Select / deselect | 293 | |
| Select group hotkey | 1064 | |
| Use ability | 72 | |
2435 total
» units
| Wisp | 16 | |
| Archer | 21 | |
| Hippogryph | 9 | |
| Faerie Dragon | 3 | |
| Chimaera | 1 | |
50 total
» upgrades
| Strength of the Moon | 2 | |
| Improved Bows | 1 | |
| Hippogryph Taming | 1 | |
| Moon Armor | 1 | |
| Marksmanship | 1 | |
6 total
» buildings
| Moon Well | 5 | |
| Altar of Elders | 2 | |
| Ancient of War | 3 | |
| Tree of Ages | 3 | |
| Hunter's Hall | 1 | |
| Ancient of Wind | 2 | |
| Tree of Eternity | 3 | |
| Ancient of Wonders | 1 | |
20 total
» build order
00:08 Moon Well
00:18 Altar of Elders
00:32 Ancient of War
01:28 Moon Well
02:35 Moon Well
03:13 Tree of Ages
03:13 Tree of Ages
03:14 Tree of Ages
03:50 Hunter's Hall
04:14 Moon Well
05:47 Ancient of Wind
06:39 Tree of Eternity
06:39 Tree of Eternity
08:19 Ancient of Wonders
09:55 Ancient of Wind
10:06 Moon Well
12:40 Altar of Elders
13:43 Ancient of War
13:52 Ancient of War
» items
| Boots of Speed | 1 | |
| Scroll of Town Portal | 1 | |
| Orb of Venom | 1 | |
| Staff of Teleportation | 1 | |
| Anti-magic Potion | 1 | |
5 total

»
Xomy (
red | 33 APM | 702 actions | 20:59)
5 Demon Hunter
2 Immolation
3 Evasion
3 Priestess of the Moon
1 Searing Arrows
2 Trueshot Aura
» actions
| Assign group hotkey | 8 | |
| Basic commands | 54 | |
| Build / train | 66 | |
| Enter build submenu | 16 | |
| Enter hero's abilities submenu | 8 | |
| Give item / drop item | 2 | |
| Remove unit from queue | 2 | |
| Right click | 248 | |
| Select / deselect | 212 | |
| Select group hotkey | 49 | |
| Use ability | 37 | |
702 total
» units
| Wisp | 18 | |
| Huntress | 3 | |
| Forest Troll Shadow Priest | 1 | |
| Hippogryph | 13 | |
| Chimaera | 6 | |
41 total
» upgrades
| Reinforced Hides | 3 | |
| Strength of the Wild | 3 | |
| Corrosive Breath | 1 | |
7 total
» buildings
| Moon Well | 5 | |
| Altar of Elders | 1 | |
| Hunter's Hall | 1 | |
| Ancient of War | 1 | |
| Ancient Protector | 1 | |
| Tree of Ages | 1 | |
| Tree of Eternity | 1 | |
| Ancient of Wind | 1 | |
| Ancient of Wonders | 2 | |
| Chimaera Roost | 1 | |
| Tree of Life | 3 | |
18 total
» build order
00:24 Moon Well
00:37 Altar of Elders
01:34 Hunter's Hall
01:51 Moon Well
02:11 Ancient of War
02:25 Moon Well
02:40 Ancient Protector
03:13 Tree of Ages
04:58 Moon Well
05:58 Tree of Eternity
06:45 Ancient of Wind
08:16 Ancient of Wonders
08:28 Chimaera Roost
08:33 Ancient of Wonders
09:48 Tree of Life
11:51 Tree of Life
16:28 Tree of Life
17:21 Moon Well
» items
| Scroll of Town Portal | 2 | |
| Boots of Speed | 1 | |
| Potion of Lesser Invulnerability | 2 | |
| Orb of Venom | 1 | |
6 total
Garm136 (
green | 97 APM | 2270 actions | 23:28)
4 Death Knight
2 Unholy Aura
2 Death Coil
3 Lich
2 Frost Armor
1 Frost Nova
2 Dreadlord
1 Carrion Swarm
1 Vampiric Aura
» actions
| Assign group hotkey | 47 | |
| Basic commands | 94 | |
| Build / train | 83 | |
| ESC pressed | 8 | |
| Enter build submenu | 20 | |
| Enter hero's abilities submenu | 9 | |
| Give item / drop item | 6 | |
| Remove unit from queue | 2 | |
| Right click | 1034 | |
| Select / deselect | 347 | |
| Select group hotkey | 506 | |
| Use ability | 114 | |
2270 total
» units
| Acolyte | 3 | |
| Ghoul | 9 | |
| Crypt Fiend | 6 | |
| Obsidian Statue | 6 | |
| Necromancer | 2 | |
26 total
» upgrades
| Unholy Strength | 2 | |
| Destroyer Form | 1 | |
| Creature Attack | 2 | |
| Skeletal Mastery | 1 | |
| Necromancer Training | 2 | |
| Skeletal Longevity | 1 | |
| Web | 1 | |
| Unholy Armor | 1 | |
| Creature Carapace | 1 | |
12 total
» buildings
| Crypt | 1 | |
| Altar of Darkness | 1 | |
| Ziggurat | 6 | |
| Tomb of Relics | 1 | |
| Graveyard | 1 | |
| Halls of the Dead | 1 | |
| Nerubian Tower | 1 | |
| Slaughterhouse | 1 | |
| Sacrificial Pit | 1 | |
| Black Citadel | 1 | |
| Temple of the Damned | 1 | |
16 total
» build order
00:24 Crypt
00:29 Altar of Darkness
00:35 Ziggurat
00:55 Tomb of Relics
01:22 Ziggurat
02:06 Graveyard
03:54 Halls of the Dead
04:27 Ziggurat
04:29 Nerubian Tower
06:40 Slaughterhouse
06:45 Sacrificial Pit
07:40 Black Citadel
08:45 Ziggurat
10:19 Temple of the Damned
18:41 Ziggurat
18:42 Ziggurat
» items
| Rod of Necromancy | 6 | |
| Sacrificial Skull | 1 | |
| Boots of Speed | 2 | |
| Circlet of Nobility | 1 | |
| Potion of Lesser Invulnerability | 3 | |
| Potion of Healing | 4 | |
| Scroll of Town Portal | 3 | |
| Orb of Corruption | 5 | |
| Scroll of Healing | 2 | |
27 total
kayleigh (
orange | 37 APM | 765 actions | 20:52)
5 Demon Hunter
2 Immolation
3 Evasion
» actions
| Basic commands | 5 | |
| Build / train | 57 | |
| Enter build submenu | 20 | |
| Enter hero's abilities submenu | 5 | |
| Remove unit from queue | 6 | |
| Right click | 398 | |
| Select / deselect | 230 | |
| Use ability | 44 | |
765 total
» units
| Wisp | 14 | |
| Archer | 6 | |
| Huntress | 6 | |
| Dryad | 11 | |
37 total
» upgrades
| Strength of the Wild | 2 | |
| Reinforced Hides | 2 | |
| Improved Bows | 1 | |
| Abolish Magic | 1 | |
6 total
» buildings
| Altar of Elders | 1 | |
| Ancient of War | 1 | |
| Moon Well | 8 | |
| Ancient of Wonders | 1 | |
| Hunter's Hall | 1 | |
| Tree of Ages | 1 | |
| Ancient Protector | 1 | |
| Ancient of Lore | 2 | |
| Tree of Life | 3 | |
| Tree of Eternity | 1 | |
20 total
» build order
00:17 Altar of Elders
00:23 Ancient of War
00:30 Moon Well
01:41 Moon Well
01:57 Ancient of Wonders
02:46 Hunter's Hall
03:17 Moon Well
04:46 Moon Well
05:09 Tree of Ages
05:45 Ancient Protector
07:31 Ancient of Lore
07:40 Ancient of Lore
10:03 Moon Well
10:07 Moon Well
11:26 Tree of Life
12:42 Tree of Eternity
12:47 Tree of Life
14:17 Tree of Life
16:09 Moon Well
16:11 Moon Well
Chat log
(00:09 / Allies) ak6apc: hi
(00:13 / Allies) setron: hi
(00:14 / Allies) StrykeSVK: hi
(00:16 / Allies) setron: air
(05:09 / Allies) StrykeSVK: purple
(05:11 / Allies) StrykeSVK: come help
(05:16 / Allies) ak6apc: ok
(06:53 / Allies) setron: 2
(13:38 / Allies) StrykeSVK: wood pls
(13:49 / Allies) StrykeSVK: thx
(15:30 / Allies) ak6apc: tp
(16:16 / Allies) |c002ECCFABlizz: creeps
(16:41 / Allies) ak6apc: i come
(21:05 / All) |c002ECCFABlizz: ya'll got shrekt
(21:56 / All) |c002ECCFABlizz: hero not needed, GYROS ARE LIFE
(22:24 / All) |c002ECCFABlizz: I see it red